 Dungeon Crawl Stone Soup version 0.28-a0-604-g249bb1a (webtiles) character file.

Game seed: 582483313727261662

11118 Sixotanaka the Gelid (level 11, 0/102 HPs)
             Began as a Merfolk Ice Elementalist on Oct 5, 2021.
             Was a Believer of Vehumet.
             Killed from afar by a hell hog (16 damage)
             ... with a fireball
             ... in a Gauntlet.
             The game lasted 00:33:05 (15017 turns).

Sixotanaka the Gelid (Merfolk Ice Elementalist)    Turns: 15017, Time: 00:33:06

Health: 0/102      AC: 25    Str: 14    XL:     11   Next: 72%
Magic:  7/14       EV:  2    Int: 17    God:    Vehumet [**....]
Gold:   133        SH:  0    Dex: 22    Spells: 3/14 levels left

rFire   . . .      SeeInvis .   b - staff of cold
rCold   + . .      Faith    .   (no shield)
rNeg    . . .      Spirit   .   (armour currently unavailable)
rPois   +          Reflect  .   (helmet currently unavailable)
rElec   .          Harm     .   (cloak currently unavailable)
rCorr   .          Rampage  .   (gloves currently unavailable)
Will    .....      NoTele   +   (boots currently unavailable)
Stlth   ++........              (no amulet)
HPRegen 0.27/turn               i - +6 ring of dexterity
MPRegen 0.14/turn               x - +6 ring of strength

@: tree-form, freezing walls
A: stationary, stasis, torment immunity, boosted hp, (nimble swimmer 2),
(mertail)
a: Renounce Religion


You were in a Gauntlet.
You worshipped Vehumet.
Vehumet was pleased with you.
You were a tree.
You visited 3 branches of the dungeon, and saw 12 of its levels.
You also visited: Sewer, Ossuary and Gauntlet.

You collected 881 gold pieces.
You spent 748 gold pieces at shops.

Inventory:

Hand Weapons
 a - a +1 short sword of protection
 C - a +6 rapier
Missiles
 t - 2 throwing nets
Armour
 e - a +0 leather armour of fire resistance
 r - the +3 leather armour of Teinyinazo (melded) {rCorr Dex+7}
   (You found it on level 4 of the Dungeon)

   Dex:       It affects your dexterity (+7).
   rCorr:     It protects you from acid and corrosion.
 v - a +2 pair of boots (melded)
 D - a +0 buckler
Magical Staves
 b - a staff of cold (weapon)
 p - a staff of conjuration
Jewellery
 i - a +6 ring of dexterity (left branch)
 x - a +6 ring of strength (right branch)
 F - a +6 ring of strength
Wands
 d - a wand of iceblast (8)
 q - a wand of flame (20)
Scrolls
 c - a scroll of amnesia
 f - a scroll of blinking
 g - 4 scrolls of enchant armour
 h - 2 scrolls of torment
 j - a scroll of fear
 k - a scroll of fog
 u - 4 scrolls of noise
 w - a scroll of vulnerability
 y - a scroll of brand weapon {unknown}
 A - 2 scrolls of silence
Potions
 l - 8 potions of flight
 n - 3 potions of might
 o - a potion of magic
 s - a potion of haste {unknown}
 B - a potion of berserk rage {unknown}


   Skills:
 - Level 5.1 Short Blades
 - Level 2.6 Dodging
 - Level 2.1 Stealth
 - Level 4.0 Shields
 - Level 2.0 Spellcasting
 + Level 18.7 Ice Magic


You had 3 spell levels left.
You knew the following spells:

 Your Spells              Type           Power      Damage    Failure   Level
a - Freeze                Ice            100%       1d11      0%          1
b - Frozen Ramparts       Ice            100%       1d12      1%          3
c - Ozocubu's Armour      Ice            78%        N/A       1%          3
d - Hailstorm             Conj/Ice       50%        3d11      4%          4

Your spell library contained the following spells:

 Spells                   Type           Power      Damage    Failure   Level
 Searing Ray              Conj           2%         2d4       28%         2
 Ensorcelled Hibernation  Hex/Ice        100%       N/A       1%          2
 Corpse Rot               Necr/Air       N/A        N/A       28%         2
 Poisonous Vapours        Pois/Air       2%         N/A       28%         2
 Spider Form              Tmut/Pois      0%         N/A       50%         3


Dungeon Overview and Level Annotations

Branches:
Dungeon (9/15)             Temple (1/1) D:6            Lair (2/6) D:9
  Sewer (visited)         Ossuary (visited)         Gauntlet (1/1)
  Swamp: Lair:2-4    Shoals: Lair:2-4     Snake: Lair:2-4    Spider: Lair:2-4
    Orc: D:9-12

Altars:
Ashenzari
Cheibriados
Elyvilon
Fedhas
Gozag
Hepliaklqana
Makhleb
Nemelex Xobeh
Okawaru
Ru
Trog
Uskayaw
Vehumet
Wu Jian
Xom
Yredelemnul
Zin
The Shining One

Shops:
D:9 ?

Annotations:
D:3 2 runed translucent doors, Elepheyn's ghost, amateur DjIE
D:5 exclusion: ice beast
D:7 1 runed translucent door
D:9 Joseph Gauntlet 9 transporters, 14 runed translucent doors, exclusion: obsidian statue


Innate Abilities, Weirdness & Mutations

You are a tree.
Your roots penetrate the ground, keeping you stationary.
You cannot be teleported.
You are immune to unholy pain and torment.
Your maximum health is greatly increased.
Your equipment is partially melded.
((You are quick and stealthy near water. (Stealth+, EV+, Speed+++)))
((Your lower body shifts to a powerful aquatic tail in water.))


Message History

The walls around you are covered in ice.
The wall freezes the hell hog.
Casting: Frozen Ramparts (safe; 1% risk of failure)
Confirm with . or Enter, or press ? or * to list all spells.
You feel a surge of power! A film of ice covers your body!
The wall freezes the fire bat but does no damage.
The wall freezes the hell hog!
The hell hog closely misses you.
Casting: Ozocubu's Armour (safe; 1% risk of failure)
Confirm with . or Enter, or press ? or * to list all spells.
Aiming: Freeze (safe; 0% risk of failure)
Press: ? - help, Shift-Dir - straight line, f - hell hog
Aim: a hell hog (moderately wounded)
You feel a surge of power!
You freeze the hell hog.
The hell hog is moderately wounded.
The wall freezes the fire bat but does no damage.
The wall freezes the hell hog.
The hell hog breathes fire at you.
The fireball explodes!
The fireball engulfs you!!
Ouch! That really hurt!
* * * LOW HITPOINT WARNING * * *
The fireball engulfs the hell hog.
The hell hog completely resists.
The fire bat is frozen!
The wall freezes the fire bat!
The heat melts your icy armour.
You feel better.
The wall freezes the hell hog.
The hell hog bites you.
* * * LOW HITPOINT WARNING * * *
The hell hound is frozen!
The wall freezes the hell hound.
The wall freezes the fire bat.
The wall freezes the hell hog.
The hell hog closely misses you.
Really quaff the potion of lignification?
You turn into a tree.
Your +2 pair of boots melds into your body.
The +3 leather armour of Teinyinazo {rCorr Dex+7} melds into your body.
Your roots penetrate the ground.
The fire bat is frozen!
The wall freezes the fire bat. x2; The fire bat is frozen!
The wall freezes the fire bat.
The fire bat is frozen!
The wall freezes the fire bat.
The wall freezes the hell hog.
The hell hog breathes fire at you.
The fireball explodes!
The fireball engulfs you!
Your icy armour melts away.
You die...

#...©.©.©..
############.........
###≈#≈#≈#≈#≈###########
#≈..............8.∩.8..
##.....................
#§..#########.#########
##..#©#.#...#.#.?.©)[.#
#≈..##:.#.#.#.#.#...#.#
##..#.♣h#.#.#.#.###..8#
#≈..####bb#.#.#.#.©.#.#
##..#..h..#.#.#...###.#
#§..#.####..#.#.#...#.#
##..#.......#.#.###...#
#§..###################
###...#.§.........©....
#≈...#...........©....
###§.#################


You could see a hell hog (catching breath), a hell hound and 2 fire bats.

Vanquished Creatures
  Harold (D:9)
  A two-headed ogre (D:9)
  A tengu warrior (Gauntlet)
  Pikel (D:6)
  Maggie (D:8)
  A cane toad (Lair:1)
  A rime drake (Lair:1)
  A tengu conjurer (Gauntlet)
  Prince Ribbit (D:7)
  Eustachio (D:6)
  21 yaks
  2 swamp worms (Gauntlet)
  6 water moccasins
  3 black bears
  5 orc warriors
  3 necrophages
  An ogre (D:5)
  2 centaurs
  A phantom (D:5)
  2 lemures (D:6)
  A kobold brigand (D:8)
  An elf zombie (Ossuary)
  A gnoll sergeant (D:8)
  4 bullfrogs
  A wyvern zombie (D:7)
  A water moccasin zombie (D:5)
  A wyvern skeleton (D:5)
  A water moccasin skeleton (D:7)
  10 wights
  A howler monkey (D:6)
  An electric eel (Lair:1)
  2 centaur zombies
  3 hounds
  A human zombie (Ossuary)
  A jelly (D:5)
  A bullfrog skeleton (D:5)
  3 orc priests
  Natasha (thrice) (D:3)
  7 iguanas
  5 orc wizards
  2 merfolk sirens (Sewer)
  A merfolk avatar (Sewer)
  A killer bee zombie (D:7)
  A hound zombie (D:5)
  2 mummies (Ossuary)
  A howler monkey skeleton (D:5)
  4 gnolls
  15 adders
  4 river rats
  A shadow imp (D:7)
  2 ufetubi (D:5)
  A worm (D:2)
  25 orcs
  6 bats
  8 endoplasms
  2 giant cockroaches
  A goblin (D:3)
  4 hobgoblins
  A jackal (D:2)
  4 quokkas
  11 ball pythons
  6 frilled lizards
  3 gnoll zombies (Ossuary)
  3 goblin zombies (Ossuary)
  2 hobgoblin zombies (Ossuary)
  8 kobolds
  4 orc zombies (Ossuary)
  27 rats
255 creatures vanquished.

Vanquished Creatures (others)
  9 fungi
  3 plants
  5 toadstools (D:3)
17 creatures vanquished.

Grand Total: 272 creatures vanquished

Notes
Turn   | Place    | Note
-------+----------+-------------------------------------------
     0 | D:1      | Sixotanaka the Merfolk Ice Elementalist began the quest for
                  | the Orb.
     0 | D:1      | Reached XP level 1. HP: 13/13 MP: 3/3
   185 | D:1      | Reached XP level 2. HP: 16/19 MP: 0/5
   393 | D:1      | Reached skill level 5 in Ice Magic
   756 | D:1      | Found a faded altar of an unknown god.
  1223 | D:2      | Reached XP level 3. HP: 22/24 MP: 2/6
  1881 | D:2      | Reached skill level 6 in Ice Magic
  1881 | D:2      | Reached XP level 4. HP: 30/30 MP: 4/7
  1885 | D:2      | Learned a level 3 spell: Frozen Ramparts
  1889 | D:2      | Learned a level 3 spell: Ozocubu's Armour
  2176 | D:3      | Found a glowing drain.
  2186 | Sewer    | Entered a sewer
  2599 | Sewer    | Reached XP level 5. HP: 34/35 MP: 0/8
  2736 | Sewer    | Reached skill level 7 in Ice Magic
  2839 | Sewer    | Noticed a malarious merfolk avatar
  3107 | Sewer    | Killed a malarious merfolk avatar
  3108 | Sewer    | Reached XP level 6. HP: 41/41 MP: 0/9
  3542 | D:3      | Found a runed translucent door.
  3544 | D:3      | Noticed Elepheyn's ghost (amateur DjIE)
  3602 | D:3      | Found a runed translucent door.
  3658 | D:3      | Found a basalt altar of Yredelemnul.
  3673 | D:3      | Noticed Natasha
  3679 | D:3      | Killed Natasha
  3680 | D:3      | Reached skill level 8 in Ice Magic
  3924 | D:3      | Noticed Natasha
  3936 | D:3      | Killed Natasha
  3961 | D:3      | Noticed Natasha
  3991 | D:3      | Killed Natasha
  4238 | D:4      | Identified the +3 leather armour of Teinyinazo {rCorr
                  | Dex+7}
  4294 | D:4      | Noticed a necrophage
  4304 | D:4      | Killed a necrophage
  4479 | D:4      | Reached skill level 9 in Ice Magic
  4479 | D:4      | Reached XP level 7. HP: 43/46 MP: 5/10
  4985 | D:4      | Found a blossoming altar of Fedhas.
  5415 | D:5      | Entered Level 5 of the Dungeon
  5623 | D:5      | Reached skill level 10 in Ice Magic
  5941 | D:5      | Reached XP level 8. HP: 23/52 MP: 7/11
  6262 | D:5      | Reached skill level 11 in Ice Magic
  6883 | D:5      | Reached skill level 12 in Ice Magic
  7182 | D:6      | Noticed Eustachio
  7226 | D:6      | Found a sand-covered staircase.
  7231 | Ossuary  | Entered an ossuary
  7496 | Ossuary  | Reached skill level 1 in Short Blades
  7935 | D:6      | Killed Eustachio
  8013 | D:6      | Reached XP level 9. HP: 35/57 MP: 8/12
  8670 | D:6      | Reached skill level 5 in Short Blades
  8794 | D:6      | Reached skill level 13 in Ice Magic
  8864 | D:6      | Found a staircase to the Ecumenical Temple.
  8872 | D:6      | Noticed Pikel
  8876 | Temple   | Entered the Ecumenical Temple
  8915 | Temple   | Became a worshipper of Vehumet
  8960 | D:6      | Killed Pikel
  9273 | D:7      | Reached skill level 14 in Ice Magic
  9335 | D:7      | Noticed Prince Ribbit
  9337 | D:7      | Found a runed translucent door.
  9337 | D:7      | Noticed a sixfirhy
  9343 | D:7      | Killed Prince Ribbit
  9477 | D:7      | Reached XP level 10. HP: 63/63 MP: 13/13
  9735 | D:7      | Found a shimmering altar of Xom.
  9788 | D:7      | Found a hazy altar of Hepliaklqana.
  9894 | D:8      | Reached skill level 15 in Ice Magic
  9967 | D:8      | Learned a level 4 spell: Hailstorm
 10005 | D:8      | Reached * piety under Vehumet
 10005 | D:8      | Offered knowledge of Shock by Vehumet.
 10091 | D:8      | Noticed Maggie
 10562 | D:8      | Killed Maggie
 10654 | D:8      | Found a snail-covered altar of Cheibriados.
 10789 | D:9      | Noticed Harold
 10789 | D:9      | Found Ycikumau's Magic Scroll Boutique.
 11127 | D:9      | Reached skill level 1 in Shields
 11137 | D:9      | Killed Harold
 11598 | D:9      | Reached skill level 16 in Ice Magic
 11612 | D:9      | Noticed Joseph
 11903 | D:9      | Found a staircase to the Lair.
 11942 | D:9      | Noticed a two-headed ogre
 12136 | D:9      | Killed a two-headed ogre
 12137 | D:9      | Reached XP level 11. HP: 36/68 MP: 9/14
 12352 | D:9      | Bought a scroll of acquirement for 572 gold pieces
 12352 | D:9      | Bought a scroll of identify for 22 gold pieces
 12352 | D:9      | Bought a scroll of identify for 22 gold pieces
 12352 | D:9      | Bought a scroll of identify for 22 gold pieces
 12352 | D:9      | Bought 2 scrolls of identify for 44 gold pieces
 12352 | D:9      | Bought 3 scrolls of identify for 66 gold pieces
 12352 | D:9      | Acquired a staff of cold
 12397 | D:9      | Paralysed by a hornet for 2 turns
 12404 | D:9      | HP: 3/68 [poisoned by a hornet]
 12798 | Lair:1   | Entered Level 1 of the Lair of Beasts
 12813 | D:9      | Reached skill level 17 in Ice Magic
 12815 | D:9      | Offered knowledge of Searing Ray by Vehumet.
 12913 | Lair:1   | Reached ** piety under Vehumet
 13634 | Lair:1   | Reached skill level 18 in Ice Magic
 14412 | Lair:2   | Found a gate leading to a gauntlet.
 14425 | Gauntlet | Entered a Gauntlet
 14425 | Gauntlet | Found a transporter.
 14425 | Gauntlet | Found a transporter.
 14425 | Gauntlet | Found a runed translucent door.
 14425 | Gauntlet | Found a runed translucent door.
 14439 | Gauntlet | Found a transporter.
 14459 | Gauntlet | Found a transporter.
 14465 | Gauntlet | Found a large runed translucent door.
 14466 | Gauntlet | Found a large runed translucent door.
 14467 | Gauntlet | Found a large runed translucent door.
 14467 | Gauntlet | Found a large runed translucent door.
 14467 | Gauntlet | Found a large runed translucent door.
 14467 | Gauntlet | Found a large runed translucent door.
 14467 | Gauntlet | Found a large runed translucent door.
 14467 | Gauntlet | Found a large runed translucent door.
 14468 | Gauntlet | Found a runed translucent door.
 14468 | Gauntlet | Found a runed translucent gate.
 14469 | Gauntlet | Found a transporter.
 14469 | Gauntlet | Found a runed translucent gate.
 14469 | Gauntlet | Found a transporter.
 14469 | Gauntlet | Found a transporter.
 14469 | Gauntlet | Noticed a tengu warrior
 14471 | Gauntlet | Found a transporter.
 14471 | Gauntlet | Found a transporter.
 14473 | Gauntlet | Noticed a blizzard demon
 14483 | Gauntlet | Found a transporter.
 14496 | Gauntlet | Noticed an obsidian statue
 14499 | Gauntlet | Found a transporter.
 14507 | Gauntlet | Noticed a hell hog
 14514 | Gauntlet | Found a transporter.
 14517 | Gauntlet | Found a transporter.
 14540 | Gauntlet | Found a large runed translucent door.
 14541 | Gauntlet | Found a large runed translucent door.
 14542 | Gauntlet | Found a large runed translucent door.
 14542 | Gauntlet | Found a large runed translucent door.
 14542 | Gauntlet | Found a large runed translucent door.
 14542 | Gauntlet | Found a large runed translucent door.
 14543 | Gauntlet | Found a runed translucent gate.
 14543 | Gauntlet | Found a large runed translucent door.
 14543 | Gauntlet | Found a runed translucent door.
 14543 | Gauntlet | Found a large runed translucent door.
 14548 | Gauntlet | Found a transporter.
 14840 | Gauntlet | Killed a tengu warrior
 15017 | Gauntlet | Killed from afar by a hell hog

Illustrated notes

Levels and vault maps discovered:
D:1:      lightli_iron_boxes, layout_rooms, basic_ecumenical_altar
D:2:      layout_basic, roderic_roman_lattice, minmay_cupped
D:3:      layout_loops_ring, mainiacjoe_overflow_alcove_1,
          ebering_ghost_sewer_f, cheibrodos_sewer_entry_sluice, glass_columns_b,
          chequers_mini_garden, minmay_gold_behind_fungi, uniq_natasha
D:4:      black_bear_nest_2, layout_basic, fedhas_altar_fruit_tree,
          solitary_fountain
D:5:      minmay_diamond_boxcup, layout_loops_cross, cheibrodos_gnoll_hut
D:6:      layout_basic, minmay_temple_entry_waves,
          nicolae_ossuary_entry_monument, uniq_eustachio, uniq_pikel
D:7:      cheibrodos_shockbox, layout_basic,
          mainiacjoe_overflow_surrounded_room,
          mainiacjoe_overflow_six_doors_small, uniq_prince_ribbit1
D:8:      layout_rooms, general_overflow_altar, uniq_maggie
D:9:      layout_roguey, lair_entry_dummy, serial_shops, nicolae_stop_n_shop_1,
          uniq_harold, uniq_joseph
Temple:   nicolae_temple_elliptical
Lair:1:   layout_gridlike, small_statue_intersection,
          nicolae_quartered_pool_medium, lemuel_fruit_fields,
          infiniplex_staircase_pool, serial_bayou_shore_a
Lair:2:   layout_cave_pods, gauntlet_entry_generic, advil_vaults_ghost_guards,
          grunt_megastairs_4, lemuel_fruit_tree
Gauntlet: gammafunk_gauntlet_mixed_choke_point
          [minmay_gauntlet_arena_77_block_sizes,
          minmay_gauntlet_arena_77_shame_cube,
          minmay_gauntlet_arena_77_two_lines,
          minmay_gauntlet_arena_make_your_own_arena,
          minmay_gauntlet_arena_77_radiant_squares,
          minmay_gauntlet_arena_77_broken_ladder,
          minmay_gauntlet_arena_77_museum, gauntlet_exit_green]

Skill      XL: |  1  2  3  4  5  6  7  8  9 10 11 |
---------------+----------------------------------+-----
Ice Magic      | 5 6 7 9 10 12 14 16 18 | 18.7
Short Blades   | 3 5 |  5.1
Shields        | 4 |  4.0
Dodging        | |  2.6
Stealth        | |  2.1
Spellcasting   | |  2.0

Action                   |  1- 3 |  4- 6 |  7- 9 | 10-12 || total
-------------------------+-------+-------+-------+-------++-------
Melee: Unarmed           |     1 |       |       |       ||     1
       Club              |    10 |       |       |       ||    10
       Rapier            |     5 |    46 |   176 |    82 ||   309
       Tailslap          |       |     2 |       |     1 ||     3
       Short sword       |       |       |       |    62 ||    62
       Staff             |       |       |       |     1 ||     1
 Cast: Freeze            |    45 |    42 |    57 |   101 ||   245
       Frozen Ramparts   |       |    14 |    23 |    34 ||    71
       Ozocubu's Armour  |       |     4 |    22 |    25 ||    51
       Hailstorm         |       |       |       |     5 ||     5
  Use: Scroll            |       |     2 |     9 |    15 ||    26
       Potion            |       |       |     1 |     5 ||     6
 Stab: Sleeping          |     5 |    12 |    12 |     2 ||    31
       Distracted        |       |       |     1 |       ||     1
Armor: Robe              |     8 |     7 |       |       ||    15
       Leather armour    |       |    10 |    94 |   109 ||   213
Dodge: Dodged            |    33 |    30 |   153 |   144 ||   360

Table legend: (Time is in decaauts)
 A = Elapsed time spent in this place.
 B = Non-inter-level travel time spent in this place.
 C = Inter-level travel time spent in this place.
 D = Time resting spent in this place.
 E = Time spent auto-exploring this place.
 F = Levels seen in this place.
 G = Mean time per level.
                   A        B        C        D        E       F      G
               +--------+--------+--------+--------+--------+-----+--------+
         Total |  14881 |  14566 |    315 |   5279 |   6562 |  15 |  992.1 |
       Dungeon |  11024 |  10748 |    276 |   3666 |   5209 |   9 | 1224.9 |
        Temple |     68 |     40 |     28 |      0 |      0 |   1 |   68.0 |
          Lair |   1504 |   1494 |     10 |    454 |    807 |   2 |  752.0 |
         Sewer |   1080 |   1080 |      0 |    482 |    302 |   1 | 1080.0 |
       Ossuary |    614 |    614 |      0 |    315 |    115 |   1 |  614.0 |
      Gauntlet |    589 |    589 |      0 |    362 |    128 |   1 |  589.0 |
               +--------+--------+--------+--------+--------+-----+--------+

Top non-repeatable levels by time:
     D:5: 1839 daAuts
     D:9: 1552 daAuts
  Lair:1: 1457 daAuts
     D:6: 1379 daAuts
     D:8: 1199 daAuts
     D:4: 1192 daAuts
     D:2: 1108 daAuts
   Sewer: 1080 daAuts
     D:1: 1037 daAuts
     D:3: 881 daAuts
     D:7: 833 daAuts
 Ossuary: 614 daAuts
Gauntlet: 589 daAuts
  Temple: 68 daAuts
  Lair:2: 46 daAuts
